AoeStats
← [SSB] LisanAlGaib

Arabia

509458803Analyzed
1v1 RM · 5d ago on Sep 26, 2026· 68m 44s· 2 players
Game mode
Random Map
Map size
Tiny (2 player)
Population
200
Speed
Normal
Resources
Standard
Victory
Conquest
Starting age
Dark Age
Ending age
Imperial Age
RankedLock teamsTeams togetherTeam positionsShared explorationLock speedFull tech treeHidden civsTurbo modeCheats
Victory
Defeat
🇳🇿 Danes · New Zealand
707
+16
🇧🇪 Mongols · Belgium
715
-34
Wildpokerman
3:15 Loom
10:33 Feudal Age
11:49 Double-Bit Axe
12:11 Arson
13:24 Wheelbarrow
12:35 Town Watch
17:05 Castle Age
15:26 Horse Collar
15:42 Stone Mining
18:33 Gambesons
20:20 Squires
22:46 Scale Mail Armor
22:57 Forging
22:49 Pikeman
26:51 Chain Mail Armor
30:28 Gold Mining
31:24 Bow Saw
32:52 Gold Shaft Mining
34:26 Hamask
37:17 Stone Shaft Mining
39:28 Hand Cart
40:34 Heavy Plow
44:17 Iron Casting
47:04 Fletching
47:46 Bodkin Arrow
54:51 Imperial Age
55:17 Elite Varangian Guard
60:06 Plate Mail Armor
61:00 Conscription
[SSB] LisanAlGaib
10:02 Feudal Age
8:20 Loom
16:35 Bloodlines
22:52 Castle Age
22:59 Fletching
23:09 Padded Archer Armor
29:53 Crossbowman
33:22 Bodkin Arrow
33:44 Leather Archer Armor
38:20 Ballistics
41:19 Thumb Ring
62:09 Imperial Age
62:44 Heavy Cavalry Archer
Connection lost

Rejoining the realm…

Still unreachable

The connection could not be restored.

Session expired

The server has moved on; the page needs a fresh start.